 Dungeon Crawl Stone Soup version 0.17.1-1-g73c8601 (webtiles) character file.

147 DeXoteric the Stinger (level 5, -7/28 HPs)
             Began as a Gargoyle Venom Mage on Dec 25, 2015.
             Killed by nerve-wracking pain
             ... invoked by Grinder
              (14 damage)
             ... while paralysed by Grinder
             ... on level 3 of the Dungeon.
             The game lasted 00:06:40 (3635 turns).

DeXoteric the Stinger (Gargoyle Venom Mage)         Turns: 3635, Time: 00:06:40

Health: -7/28      AC:  7    Str: 13    XL:     5   Next: 29%
Magic:  8/8        EV:  2    Int: 15    God:
Gold:   164        SH:  0    Dex: 10    Spells: 2 memorised, 4 levels left

rFire  . . .     SeeInvis .     p - +0 dagger (venom)
rCold  . . .     Clarity  .     a - +0 robe
rNeg   + . .     SustAt   .     (no shield)
rPois  ∞         Gourm    .     s - +0 helmet
rElec  +         Spirit   .     (no cloak)
rCorr  .         Warding  .     (no gloves)
rMut   .         Stasis   .     (no boots)
MR     .....                    (no amulet)
Stlth  ++........               (no ring)
                                (no ring)

@: paralysed, not resistant to hostile enchantments, unstealthy
A: negative energy resistance 1, electricity resistance, unbreathing,
petrification resistance, rot immunity, AC +4
a: no special abilities


You were on level 3 of the Dungeon.
You were hungry.

You visited 1 branch of the dungeon, and saw 3 of its levels.

You collected 164 gold pieces.

Inventory:

Hand Weapons
 l - a +0 club
 p - a +0 dagger of venom (weapon)
Armour
 a - a +0 robe (worn)
 s - a +0 helmet (worn)
Scrolls
 e - 2 scrolls of teleportation {unknown}
 f - a scroll of enchant weapon {unknown}
 i - a scroll of fog {unknown}
 j - 2 scrolls of remove curse {unknown}
 k - 2 scrolls of identify {unknown}
 n - 2 scrolls of magic mapping {unknown}
Potions
 d - a potion of mutation {unknown}
 g - a potion of degeneration {unknown}
 h - a potion of ambrosia {unknown}
 m - a potion of curing {unknown}
 r - a potion of flight {unknown}
Books
 b - a Young Poisoner's Handbook

   Spells                             Type                      Level
   a - Sting                          Conjuration/Poison           1
   b - Cure Poison                    Poison                       2
   c - Mephitic Cloud                 Conjuration/Poison/Air       3
   d - Olgreb's Toxic Radiance        Poison                       4
   e - Venom Bolt                     Conjuration/Poison           5
Comestibles
 c - a bread ration
 o - a meat ration
 q - 8 chunks of flesh


   Skills:
 + Level 1.9 Maces & Flails
 - Level 1.5 Dodging
 - Level 2.1 Stealth
 - Level 2.0 Spellcasting
 + Level 2.8 Conjurations
 + Level 1.2 Air Magic
 + Level 4.9 Poison Magic


You had 4 spell levels left.
You knew the following spells:

 Your Spells              Type           Power        Failure   Level  Hunger
a - Sting                 Conj/Pois      ##..         6%          1    #......
b - Mephitic Cloud        Conj/Pois/Air  ##......     24%         3    ###....


Dungeon Overview and Level Annotations

Branches:
Dungeon (3/15)

Altars:
Cheibriados

Annotations:
D:3 Grinder


Innate Abilities, Weirdness & Mutations

You are resistant to torment.
Your stone body is resilient (AC +4).
You are immune to poison.
You resist negative energy.
You are resistant to electric shocks.
You can survive without breathing.
You are immune to petrification.
You are immune to rotting.


Message History

You hit Grinder. Grinder gestures at you. You resist with significant effort.
You closely miss Grinder. Grinder hits you but does no damage.
You barely miss Grinder. Grinder gestures at you.
Pain shoots through your body!
You take 12 damage, and have 15/28 hp.
MASSIVE DAMAGE!!
You closely miss Grinder. Grinder gestures at you.
You suddenly lose the ability to move!
Grinder hits you!
* * * LOW HITPOINT WARNING * * *
You are feeling hungry.
Grinder hits you but does no damage.
Some of the chunks of flesh in your inventory have rotted away.
Grinder gestures at you. Pain shoots through your body!
Ouch! That really hurt!
You die...

########.#.....#P.#
.....
#.#.....##.##...$?. #
#...........#...... ##
##.##.......#...... .#
#####.................
.#
#..[.......>..........
.####.......##.....#
........#........5.#
.##...#...###.##9..#
.........##...##...#
...###.(....####......
.....)....)..........##
.......###............#
.......†...#...........>
......######...........#
......# ............
....### .......


You could see Grinder.

Vanquished Creatures
  Jessica (D:3)
  Robin (D:2)
  4 adders (D:2)
  A gnoll (D:2)
  An ooze (D:1)
  A worm (D:3)
  3 giant geckos
  15 goblins
  9 hobgoblins
  7 bats
  3 giant newts (D:2)
  8 kobolds
  8 rats
62 creatures vanquished.

Notes
Turn   | Place    | Note
--------------------------------------------------------------
     0 | D:1      | DeXoteric the Gargoyle Venom Mage began the quest for the Orb.
     0 | D:1      | Reached XP level 1. HP: 10/10 MP: 3/3
   663 | D:1      | Reached XP level 2. HP: 13/15 MP: 0/5
   672 | D:1      | Reached skill level 1 in Conjurations
  1741 | D:2      | Reached XP level 3. HP: 19/19 MP: 4/6
  1787 | D:2      | Learned a level 3 spell: Mephitic Cloud
  2235 | D:2      | Reached skill level 1 in Maces & Flails
  2359 | D:2      | Reached XP level 4. HP: 7/24 MP: 2/7
  2768 | D:2      | Found a snail-covered altar of Cheibriados.
  2800 | D:2      | Reached skill level 1 in Air Magic
  3277 | D:3      | Noticed Jessica
  3288 | D:3      | Killed Jessica
  3288 | D:3      | Reached XP level 5. HP: 22/28 MP: 5/8
  3406 | D:3      | Noticed Robin
  3522 | D:2      | Killed Robin
  3613 | D:3      | Noticed Grinder
  3616 | D:3      | Paralysed by Grinder for 6 turns
  3625 | D:3      | Paralysed by Grinder for 2 turns
  3632 | D:3      | Paralysed by Grinder for 4 turns
  3635 | D:3      | Killed from afar by Grinder

Action                   |  1- 3 |  4- 6 || total
-------------------------+-------+-------++-------
Melee: Unarmed           |    98 |    22 ||   120
       Dagger            |       |    78 ||    78
 Cast: Sting             |    58 |    27 ||    85
 Stab: Sleeping          |     1 |       ||     1
  Eat: Chunk             |     5 |     5 ||    10
